 Dungeon Crawl Stone Soup version bcrawl-1.22 (webtiles) character file.

Game seed: 11218825699316531211

639 pasperui the Ducker (level 7, -1/60 HPs)
             Began as a Gnoll Reaver on May 15, 2020.
             Was a Believer of Vehumet.
             Killed by divine providence
             ... invoked by an orc priest
              (11 damage)
             ... on level 4 of the Dungeon.
             The game lasted 00:11:12 (3500 turns).

pasperui the Ducker (Gnoll Reaver)                  Turns: 3500, Time: 00:11:12

Health: -1/60      AC:  6    Str: 15    XL:     7   Next: 51%
Magic:  15/15      EV: 17    Int: 16    God:    Vehumet [**....]
Gold:   314        SH:  6    Dex: 14    Spells: 13/17 levels left

rFire    . . .     SeeInvis .   a - +0 long sword
rCold    . . .     Gourm    .   (no shield)
rNeg     . . .     Faith    .   b - +0 steam dragon scales
rPois    .         Spirit   .   t - +0 helmet
rElec    .         Reflect  +   (no cloak)
rCorr    .         Harm     .   (no gloves)
MR       .....                  (no boots)
Stlth    ++........             m - +4 amulet of reflection
HPRegen  0.20/turn              f - +1 ring of evasion
MPRegen  0.14/turn              (no ring)

@: no status effects
A: distributed training, fangs 1, strong nose
a: Renounce Religion


You were on level 4 of the Dungeon.
You worshipped Vehumet.
Vehumet was pleased with you.
You were not hungry.

You visited 1 branch of the dungeon, and saw 4 of its levels.
You also visited: Ossuary.

You collected 314 gold pieces.

Inventory:

Hand Weapons
 a - a +0 long sword (weapon)
 w - a +0 trident
Missiles
 k - 408 stones (quivered)
 p - 75 sling bullets
 C - 45 poisoned tomahawks
 E - 200 arrows
Armour
 b - +0 steam dragon scales (worn)
 t - a +0 helmet (worn)
 u - a +0 ring mail of poison resistance
 B - a +0 plate armour
Jewellery
 f - a +1 ring of evasion (left hand)
 m - a +4 amulet of reflection (around neck)
Wands
 r - a wand of enslavement (6)
Scrolls
 d - 2 scrolls of immolation
 g - 2 scrolls of summoning {unknown}
 i - a scroll of teleportation
 j - a scroll of enchant armour {unknown}
 l - 6 scrolls of identify
 o - 2 scrolls of fear {unknown}
 y - 2 scrolls of enchant weapon {unknown}
 D - a scroll of amnesia {unknown}
 F - a scroll of magic mapping {unknown}
 G - a scroll of brand weapon {unknown}
 H - 2 scrolls of remove curse
Potions
 c - 2 potions of haste
 h - a potion of invisibility {unknown}
 n - a potion of flight {unknown}
 q - a potion of mutation {unknown}
 s - a potion of degeneration {unknown}
 v - a potion of might {unknown}
 x - 5 potions of resistance {unknown}
 z - a potion of heal wounds {unknown}
 A - 2 potions of berserk rage {unknown}
 I - a potion of ambrosia {unknown}
Comestibles
 e - a ration {!d}


   Skills:
 + Level 7.0 Fighting
 + Level 2.5 Short Blades
 + Level 7.0 Long Blades
 + Level 2.5 Axes
 + Level 2.5 Maces & Flails
 + Level 2.5 Polearms
 + Level 2.5 Staves
 + Level 2.5 Slings
 + Level 2.5 Bows
 + Level 2.5 Crossbows
 + Level 2.5 Throwing
 + Level 2.5 Armour
 + Level 7.0 Dodging
 + Level 2.5 Stealth
 + Level 2.5 Shields
 + Level 2.5 Unarmed Combat
 + Level 5.6 Spellcasting
 + Level 2.0 Conjurations
 + Level 2.0 Hexes
 + Level 2.0 Charms
 + Level 2.0 Summonings
 + Level 2.0 Necromancy
 + Level 2.0 Translocations
 + Level 2.0 Transmutations
 + Level 2.0 Fire Magic
 + Level 2.0 Ice Magic
 + Level 2.0 Air Magic
 + Level 2.0 Earth Magic
 + Level 2.0 Poison Magic
 + Level 2.7 Invocations
 + Level 2.5 Evocations


You had 13 spell levels left.
You knew the following spells:

 Your Spells              Type           Power        Failure   Level  Hunger
a - Flame Tongue          Conj/Fire      ##...        1%          1    None
b - Mephitic Cloud        Conj/Pois/Air  ##......     5%          3    ##.....

Your spell library contained the following spells:

 Spells                   Type           Power        Failure   Level  Hunger
 Iskenderun's Battlesphe  Conj/Chrm      ##......     38%         5    ######.


Dungeon Overview and Level Annotations

Branches:
Dungeon (4/12)
 Temple: D:4-7

Altars:
Cheibriados
Elyvilon
Ru


Innate Abilities, Weirdness & Mutations

Your experience applies equally to all skills.
You have very sharp teeth.
Your uncanny sense of smell can sniff out nearby items.


Message History

The orc priest calls down the wrath of Beogh upon you.
Beogh smites you!
An orc comes into view.
You hear a shout!
There is a sacrificial altar of Ru here.
The orc shouts!
An orc comes into view. It is wielding a +0 falchion.
The orc priest mumbles some strange prayers to Beogh against you.
Beogh smites you!
There is a sacrificial altar of Ru here.
The orc priest mumbles some strange prayers to Beogh against you.
Pain shoots through your body!
The orc priest mumbles some strange prayers to Beogh against you.
Beogh smites you!
* * * LOW HITPOINT WARNING * * *
You hear a shout!
The teleport trap disappears.
The orc disappears!
The orc priest invokes the aid of Beogh against you.
Beogh smites you!
You die...

#....... #..≈≈≈≈.
##..≈≈≈≈⌠ #...≈≈≈≈.
####........ .#
##...........
.####........)..#
##..............##
####@..# ##.......##
###......## #......## ##
##.........###..##.##
##.##....)......#..#####
##.#.#..............#
##.#.#...............#
#.#...#........>......#
#....o#...............#
#.≈≈o.#...............#


You could see an orc priest.

Vanquished Creatures
  2 elf zombies (Ossuary)
  A scorpion (D:4)
  2 human zombies (Ossuary)
  2 orc priests (D:3)
  A worker ant (D:2)
  4 big kobold zombies (Ossuary)
  A hound zombie (Ossuary)
  4 mummies (Ossuary)
  3 gnolls (D:3)
  5 adders
  An adder skeleton (D:3)
  An adder zombie (Ossuary)
  2 worms (D:3)
  2 dart slugs
  5 leopard geckos
  7 orcs (D:3)
  3 giant cockroaches
  4 goblins
  7 hobgoblins
  6 jackals
  6 kobolds
  2 quokkas (D:3)
  A ball python (D:1)
  6 bats
  A gnoll zombie (Ossuary)
  A jackal zombie (Ossuary)
  4 rats (D:2)
84 creatures vanquished.

Vanquished Creatures (others)
  A dart slug (D:3)
1 creature vanquished.

Grand Total: 85 creatures vanquished

Notes
Turn   | Place    | Note
-------+----------+-------------------------------------------
     0 | D:1      | pasperui the Gnoll Reaver began the quest for the Orb.
     0 | D:1      | Reached XP level 1. HP: 23/23 MP: 6/6
    75 | D:1      | Reached XP level 2. HP: 29/29 MP: 7/7
   907 | D:2      | Reached XP level 3. HP: 33/35 MP: 9/9
   914 | D:2      | Reached skill level 5 in Spellcasting
   970 | D:2      | Reached * piety under Vehumet
   970 | D:2      | Offered knowledge of Magic Dart by Vehumet.
   980 | D:2      | Reached skill level 1 in Short Blades
   980 | D:2      | Reached skill level 1 in Axes
   980 | D:2      | Reached skill level 1 in Maces & Flails
   980 | D:2      | Reached skill level 1 in Polearms
   980 | D:2      | Reached skill level 1 in Staves
   980 | D:2      | Reached skill level 1 in Slings
   980 | D:2      | Reached skill level 1 in Bows
   980 | D:2      | Reached skill level 1 in Crossbows
   980 | D:2      | Reached skill level 1 in Throwing
   980 | D:2      | Reached skill level 1 in Armour
   980 | D:2      | Reached skill level 1 in Stealth
   980 | D:2      | Reached skill level 1 in Shields
   980 | D:2      | Reached skill level 1 in Unarmed Combat
   980 | D:2      | Reached skill level 1 in Invocations
   980 | D:2      | Reached skill level 1 in Evocations
  1121 | D:2      | Reached XP level 4. HP: 41/41 MP: 11/11
  1609 | D:3      | Found a snail-covered altar of Cheibriados.
  1631 | D:3      | Reached skill level 1 in Conjurations
  1631 | D:3      | Reached skill level 1 in Hexes
  1631 | D:3      | Reached skill level 1 in Charms
  1631 | D:3      | Reached skill level 1 in Summonings
  1631 | D:3      | Reached skill level 1 in Necromancy
  1631 | D:3      | Reached skill level 1 in Translocations
  1631 | D:3      | Reached skill level 1 in Transmutations
  1631 | D:3      | Reached skill level 1 in Fire Magic
  1631 | D:3      | Reached skill level 1 in Ice Magic
  1631 | D:3      | Reached skill level 1 in Air Magic
  1631 | D:3      | Reached skill level 1 in Earth Magic
  1631 | D:3      | Reached skill level 1 in Poison Magic
  1918 | D:3      | Found a white marble altar of Elyvilon.
  1942 | D:3      | Reached XP level 5. HP: 43/47 MP: 12/12
  2190 | D:3      | Reached ** piety under Vehumet
  2190 | D:3      | Offered knowledge of Flame Tongue by Vehumet.
  2193 | D:3      | Learned a level 1 spell: Flame Tongue
  2457 | D:3      | Reached XP level 6. HP: 49/53 MP: 11/13
  2702 | D:4      | Found a sand-covered staircase.
  2724 | Ossuary  | Entered an ossuary
  2842 | Ossuary  | Reached XP level 7. HP: 17/59 MP: 1/15
  2858 | Ossuary  | HP: 2/59 [human zombie (4)]
  3440 | D:4      | Offered knowledge of Mephitic Cloud by Vehumet.
  3445 | D:4      | Learned a level 3 spell: Mephitic Cloud
  3482 | D:4      | Found a sacrificial altar of Ru.
  3500 | D:4      | Killed from afar by an orc priest

Skill      XL: |  1  2  3  4  5  6  7 |
---------------+----------------------+-----
Spellcasting   | 5 |  5.6
Short Blades   | 1 2 |  2.5
Axes           | 1 2 |  2.5
Maces & Flails | 1 2 |  2.5
Polearms       | 1 2 |  2.5
Staves         | 1 2 |  2.5
Slings         | 1 2 |  2.5
Bows           | 1 2 |  2.5
Crossbows      | 1 2 |  2.5
Throwing       | 1 2 |  2.5
Armour         | 1 2 |  2.5
Stealth        | 1 2 |  2.5
Shields        | 1 2 |  2.5
Unarmed Combat | 1 2 |  2.5
Invocations    | 1 2 |  2.7
Evocations     | 1 2 |  2.5
Conjurations   | 1 2 |  2.0
Hexes          | 1 2 |  2.0
Charms         | 1 2 |  2.0
Summonings     | 1 2 |  2.0
Necromancy     | 1 2 |  2.0
Translocations | 1 2 |  2.0
Transmutations | 1 2 |  2.0
Fire Magic     | 1 2 |  2.0
Ice Magic      | 1 2 |  2.0
Air Magic      | 1 2 |  2.0
Earth Magic    | 1 2 |  2.0
Poison Magic   | 1 2 |  2.0
Fighting       | 7 |  7.0
Long Blades    | 7 |  7.0
Dodging        | 7 |  7.0

Action                   |  1- 3 |  4- 6 |  7- 9 || total
-------------------------+-------+-------+-------++-------
Melee: Long sword        |    91 |   215 |    63 ||   369
       Bite              |     4 |    22 |    14 ||    40
       Punch             |     1 |     2 |       ||     3
 Cast: Flame Tongue      |       |    23 |    30 ||    53
  Use: Scroll            |       |     3 |       ||     3
       Potion            |       |       |     2 ||     2
 Stab: Sleeping          |       |     3 |       ||     3
  Eat: Chunk             |     1 |     5 |       ||     6
       Ration            |       |       |     1 ||     1
Armor: Steam dragon scal |    24 |    55 |    14 ||    93
Dodge: Dodged            |    87 |   213 |    60 ||   360
Block: Other             |     9 |    49 |    22 ||    80
